 Dungeon Crawl Stone Soup version 0.31-a0-675-g238779eb0a (webtiles) character file.

Game seed: 5139393273155224418

53 CowFu the Changeling (level 3, -5/42 HPs)
             Began as a Draconian Shapeshifter on Sept 5, 2023.
             Slain by a gnoll
             ... wielding a +0 halberd
              (11 damage)
             ... on level 2 of the Dungeon.
             The game lasted 00:01:42 (975 turns).

CowFu the Changeling (Draconian Shapeshifter)        Turns: 975, Time: 00:01:43

Health: -5/42      AC: 21    Str: 16    XL:     3   Next: 64%
Magic:  3/3        EV:  2    Int: 10    God:
Gold:   71         SH:  0    Dex: 12    Spells: 2/2 levels left

rFire   . .          .
                       - Unarmed
rCold   . . .        (no shield)
rNeg    . . .        (body armour unavailable)
rPois   +            (helmet currently unavailable)
rElec   .            (cloak currently unavailable)
rCorr   .            (gloves currently unavailable)
SInv    .            (boots currently unavailable)
Will    .....        (no amulet)
Stlth   +            (no ring)
HPRegen 0.27/turn    (no ring)
MPRegen 0.08/turn

%: no passive effects
@: tree-form, hasted, very quick
A: stationary, stasis, torment immunity, boosted hp, AC +5, unfitting armour,
(cold-blooded)
a: no special abilities


You were on level 2 of the Dungeon.
You were a tree.
You visited 1 branch of the dungeon, and saw 2 of its levels.

You collected 71 gold pieces.

Inventory:

Talismans
 b - a beast talisman
 c - a flux talisman
Scrolls
 d - 5 scrolls of identify {unknown}
 e - 3 scrolls of blinking {unknown}
 f - a scroll of fear {unknown}
 g - a scroll of enchant weapon {unknown}
 h - 2 scrolls of teleportation {unknown}
Potions
 a - 2 potions of lignification


   Skills:
 - Level 1.1 Fighting
 - Level 1.7 Dodging
 - Level 3.0 Unarmed Combat
 + Level 4.4 Shapeshifting


You had 2 spell levels left.
You didn't know any spells.
Your spell library contained the following spells:

 Spells                   Type           Power      Damage    Failure   Level
 Dazzling Flash           Conj/Hex       0%         N/A       75%         3
 Volatile Blastmotes      Fire/Tloc      0%         2d10      75%         3
 Summon Forest            Summ/Tloc      0%         N/A       100%        5
 Eringya's Noxious Bog    Tmut/Pois      0%         4d6       100%        6
 Starburst                Conj/Fire      0%         6d3       100%        6
 Summon Hydra             Summ           0%         N/A       100%        7
 Maxwell's Capacitive Co  Air            0%         ∞         100%        8


Dungeon Overview and Level Annotations

Branches:
Dungeon (2/15)

Altars:


Innate Abilities, Weirdness & Mutations

You are a tree.
Your roots penetrate the ground, keeping you stationary.
You cannot be teleported.
You are immune to unholy pain and torment.
Your maximum health is greatly increased.
Your equipment is partially melded.
((Your plain brown scales are hard. (AC +5)))
You cannot fit into any form of body armour.
((You are cold-blooded and may be slowed by cold attacks.))


Message History

You hit the ball python.
The ball python is heavily wounded.
A gnoll comes into view. It is wielding a +0 spear.
The ball python bites you but does no damage.
The ball python barely misses you.
There are monsters nearby!
You hit the ball python.
You kill the ball python!
The gnoll hits you from afar with a +0 halberd.
Found 2 javelins.
You see here 2 javelins.
The gnoll hits you with a +0 club!
You completely miss the gnoll. The gnoll closely misses you.
The gnoll hits you with a +0 club.
You hit the gnoll but do no damage. You tail-slap the gnoll.
The gnoll is lightly wounded.
The gnoll hits you from afar with a +0 halberd!
* * * LOW HITPOINT WARNING * * *
The gnoll hits you with a +0 club.
* * * LOW HITPOINT WARNING * * *
It was a potion of haste.
You feel yourself speed up. The gnoll misses you. The gnoll closely misses you.
Your transformation has ended.
You turn into a tree.
Your roots penetrate the ground.
The gnoll hits you from afar with a +0 halberd.
* * * LOW HITPOINT WARNING * * *
You smack the gnoll!
You kill the gnoll!
The gnoll hits you but does no damage.
You cannot move.
You cannot move.
The gnoll hits you but does no damage. The gnoll hits you but does no damage.
The gnoll completely misses you. The gnoll hits you but does no damage.
The gnoll completely misses you. The gnoll hits you but does no damage.
The gnoll hits you but does no damage.
The gnoll hits you from afar with a +0 halberd!
You die...

..............g......
........#####g#♣♣♣♣♣♣ ........#
#.♣ ........# #g♣ .##.####### #g♣
..........###.# ............#.#
............#g###♣♣
........^...#gg)♣.♣
............#####################
............# ..#...........
............# #.#....†......
..#.###...### #.#<..........
..........####.# #.##..........
..........'....# #.............
..........#############.........#
..............).......'..........


You could see 3 gnolls.

Vanquished Creatures
  A gnoll (D:2)
  2 dart slugs (D:1)
  6 endoplasms
  4 giant cockroaches
  5 hobgoblins (D:1)
  2 jackals (D:1)
  2 quokkas (D:1)
  4 ball pythons
  2 bats (D:1)
  2 frilled lizards (D:1)
  2 goblins (D:1)
  A kobold (D:1)
  2 rats (D:1)
35 creatures vanquished.

Notes
Turn   | Place    | Note
-------+----------+-------------------------------------------
     0 | D:1      | CowFu the Draconian Shapeshifter began the quest for the
                  | Orb.
     0 | D:1      | Reached XP level 1. HP: 16/16 MP: 1/1
   171 | D:1      | Reached XP level 2. HP: 22/23 MP: 2/2
   514 | D:1      | Reached skill level 4 in Shapeshifting
   518 | D:1      | Reached XP level 3. HP: 28/28 MP: 3/3
   975 | D:2      | Slain by a gnoll

Illustrated notes

Levels and vault maps discovered:
D:1:      eino_arrival_water_star, layout_loops_cross,
          hangedman_decor_slide_cut, minmay_tetromino_o2
D:2:      layout_basic, serial_forest, infiniplex_forest_end_3,
          infiniplex_forest_clump_medium, infiniplex_forest_lined_1,
          infiniplex_forest_side_room, infiniplex_forest_clump_tiny,
          infiniplex_forest_straight_3, infiniplex_forest_clump_medium,
          infiniplex_forest_lined_2, small_statue_intersection

Skill      XL: |  1  2 |
---------------+-------+-----
Shapeshifting  | 4 |  4.4
Fighting       | |  1.1
Dodging        | |  1.7
Unarmed Combat | |  3.0

Action                     || total
---------------------------++-------
  Melee: Unarmed           ||    92
         Tailslap          ||    11
         Punch             ||     1
    Use: Potion            ||     2
   Stab: Sleeping          ||     1
 Armour: Skin              ||    54
  Dodge: Dodged            ||    54

Table legend: (Time is in decaauts)
 A = Elapsed time spent in this place.
 B = Non-inter-level travel time spent in this place.
 C = Inter-level travel time spent in this place.
 D = Time resting spent in this place.
 E = Time spent auto-exploring this place.
 F = Levels seen in this place.
 G = Mean time per level.
                   A        B        C        D        E       F      G
               +--------+--------+--------+--------+--------+-----+--------+
         Total |    972 |    956 |     16 |      0 |    724 |   2 |  486.0 |
       Dungeon |    972 |    956 |     16 |      0 |    724 |   2 |  486.0 |
               +--------+--------+--------+--------+--------+-----+--------+

Top non-repeatable levels by time:
     D:1: 738 daAuts
     D:2: 233 daAuts
